 Dungeon Crawl Stone Soup version 0.21.1-1-g345015f (webtiles) character file.

39669 inc the Destroyer (level 14, -13/103 HPs)
             Began as an Octopode Ice Elementalist on June 18, 2018.
             Was the Champion of Cheibriados.
             Mangled by a komodo dragon (23 damage)
             ... on level 6 of the Lair of Beasts.
             The game lasted 01:03:26 (24702 turns).

inc the Destroyer (Octopode Ice Elementalist)      Turns: 24702, Time: 01:03:27

Health: -13/103    AC: 18    Str: 23    XL:     14   Next: 7%
Magic:  4/23       EV: 18    Int: 37    God:    Cheibriados [******]
Gold:   983        SH:  0    Dex: 30    Spells: 3/25 levels left

rFire    . . .     SeeInvis .   (weapon currently unavailable)
rCold    + + +     Gourm    .   (shield currently unavailable)
rNeg     . . .     Faith    +   (helmet currently unavailable)
rPois    +         Spirit   .   j - amulet of faith
rElec    .         Reflect  .   w - ring of protection from magic
rCorr    .         Harm     .   i - ring of protection from fire
MR       ++...                  G - ring of poison resistance
Stlth    +++++.....             S - +3 ring of dexterity
HPRegen  0.27/turn              R - ring of flight
MPRegen  0.18/turn              (no ring)
                                (no ring)
                                (no ring)

@: icy armour, ice-form, very slightly contaminated, very slow
A: large, almost no armour, stealthy swim, amphibious, 8 rings, (constrict 8)
a: End Transformation, Bend Time, Temporal Distortion, Slouch, Step From Time,
Renounce Religion, Evoke Flight


You were on level 6 of the Lair of Beasts.
You worshipped Cheibriados.
Cheibriados was exalted by your worship.
You were hungry.
You were a creature of crystalline ice.
You visited 3 branches of the dungeon, and saw 19 of its levels.
You also visited: Ossuary.

You collected 1192 gold pieces.
You spent 209 gold pieces at shops.

Inventory:

Hand Weapons
 y - the +2 scimitar of Death (melded) {protect, *Corrode rF+++ rN+ Int+3}
   (You found it on level 5 of the Dungeon)

   It protects the one who uses it against injury (+AC on strike).
   It affects your intelligence (+3).
   It renders you almost immune to fire.
   It protects you from negative energy.
   It may corrode you when you take damage.
Magical Staves
 r - an uncursed staff of death
 s - an uncursed staff of air
Jewellery
 f - a +5 amulet of reflection {unknown}
 i - a ring of protection from fire (right front paw)
 j - an amulet of faith (around neck)
 w - a ring of protection from magic (left front paw)
 G - a ring of poison resistance (on tentacle)
 R - a ring of flight (on tentacle)
 S - a +3 ring of dexterity (on tentacle)
Wands
 B - a wand of disintegration (10)
 C - a wand of acid (11)
 F - a wand of polymorph (3)
 H - a wand of iceblast (19)
 J - a wand of flame (53)
 Q - a wand of paralysis (33)
Scrolls
 b - 6 scrolls of amnesia
 e - 9 scrolls of remove curse
 g - 2 scrolls of teleportation
 k - a scroll of enchant armour
 n - 2 scrolls of blinking
 o - 2 scrolls of magic mapping
 t - a scroll of fear {unknown}
 D - a scroll of immolation
 E - 4 scrolls of enchant weapon
 V - 4 scrolls of identify
 Y - a scroll of silence {unknown}
 Z - a scroll of vulnerability {unknown}
Potions
 d - 6 potions of might
 h - 2 potions of lignification
 l - 3 potions of agility
 p - 3 potions of brilliance
 q - 5 potions of curing
 z - 2 potions of mutation
 P - a potion of berserk rage {unknown}
 T - a potion of resistance
Books
 a - a book of Frost

   Spells                             Type                      Level
   a - Freeze                         Ice                          1
   b - Throw Frost                    Conjuration/Ice              2
   c - Ozocubu's Armour               Charms/Ice                   3
   d - Throw Icicle                   Conjuration/Ice              4
   e - Summon Ice Beast               Ice/Summoning                4
 x - a Young Poisoner's Handbook

   Spells                             Type                      Level
   a - Sting                          Conjuration/Poison           1
   b - Poisonous Vapours              Poison/Air                   2
   c - Mephitic Cloud                 Conjuration/Poison/Air       3
   d - Olgreb's Toxic Radiance        Poison                       4
   e - Venom Bolt                     Conjuration/Poison           5
 I - a book of Changes

   Spells                             Type                      Level
   a - Beastly Appendage              Transmutation                1
   b - Sticks to Snakes               Transmutation                2
   c - Spider Form                    Transmutation/Poison         3
   d - Ice Form                       Ice/Transmutation            4
   e - Blade Hands                    Transmutation                5
 L - a book of Frost

   Spells                             Type                      Level
   a - Freeze                         Ice                          1
   b - Throw Frost                    Conjuration/Ice              2
   c - Ozocubu's Armour               Charms/Ice                   3
   d - Throw Icicle                   Conjuration/Ice              4
   e - Summon Ice Beast               Ice/Summoning                4
 N - a book of Maledictions

   Spells                             Type                      Level
   a - Corona                         Hexes                        1
   b - Ensorcelled Hibernation        Hexes/Ice                    2
   c - Confuse                        Hexes                        3
   d - Tukima's Dance                 Hexes                        3
   e - Dazzling Spray                 Conjuration/Hexes            3
 O - a book of Clouds

   Spells                             Type                      Level
   a - Poisonous Vapours              Poison/Air                   2
   b - Mephitic Cloud                 Conjuration/Poison/Air       3
   c - Conjure Flame                  Conjuration/Fire             3
   d - Freezing Cloud                 Conjuration/Ice/Air          6
   e - Ring of Flames                 Charms/Fire                  7
 U - a book of the Sky

   Spells                             Type                      Level
   a - Summon Lightning Spire         Summoning/Air                4
   b - Silence                        Hexes/Air                    5
   c - Deflect Missiles               Charms/Air                   6
   d - Conjure Ball Lightning         Conjuration/Air              6
   e - Tornado                        Air                          9
Comestibles
 c - 24 rations


   Skills:
 - Level 4.4 Fighting
 - Level 4.1 Long Blades
 - Level 7.9 Dodging
 + Level 9.7 Stealth
 - Level 6.3 Spellcasting
 - Level 12.5 Conjurations
 - Level 12.5 Ice Magic
 - Level 7.2 Air Magic
 - Level 6.2 Invocations


You had 3 spell levels left.
You knew the following spells:

 Your Spells              Type           Power        Failure   Level  Hunger
a - Freeze                Ice            ####         1%          1    None
b - Ozocubu's Armour      Chrm/Ice       ######..     1%          3    None
c - Throw Icicle          Conj/Ice       #######.     1%          4    #......
d - Summon Ice Beast      Ice/Summ       ######..     2%          4    #......
e - Ice Form              Ice/Tmut       ######..     2%          4    #......
f - Freezing Cloud        Conj/Ice/Air   ######....   6%          6    ######.


Dungeon Overview and Level Annotations

Branches:
Dungeon (12/15)            Temple (1/1) D:7            Lair (6/6) D:9
 Shoals (0/4) Lair:3       Spider (0/4) Lair:4        Slime (0/5) Lair:5
    Orc (0/2) D:12

Altars:
Ashenzari
Cheibriados
Dithmenos
Elyvilon
Fedhas
Gozag
Hepliaklqana
Kikubaaqudgha
Makhleb
Nemelex Xobeh
Okawaru
Qazlal
Ru
Sif Muna
Trog
Uskayaw
Vehumet
Wu Jian
Xom
Yredelemnul
Zin
The Shining One
Jiyva

Shops:
D:5 ?   D:6 (*!   D:7 *   D:11 *

Annotations:
D:3 Grinder


Innate Abilities, Weirdness & Mutations

You cannot wear most types of armour.
You are very stealthy in the water. (Stealth+)
You are amphibious.
You can wear up to eight rings at the same time.
((You can use your tentacles to constrict eight enemies at once.))
((Your skin changes colour to match your surroundings (Stealth+).))
((Your rubbery body absorbs attacks. (AC +1, EV +1)))
((You have a pair of small antennae on your head.))
((You are partially covered in icy blue scales. (AC +2)))


Message History

As you read the scroll of teleportation, it crumbles to dust.
You feel strangely unstable.
Blink to where?
Press: ? - help, Dir - move target cursor You are very lightly contaminated with residual magic.
As you read the scroll of blinking, it crumbles to dust.
Your surroundings suddenly seem different.
Found 2 poisoned needles.
A yak comes into view.
The komodo dragon hisses angrily.
You hit the komodo dragon but do no damage.
The komodo dragon closely misses you.
You punch the komodo dragon! You freeze the komodo dragon.
The komodo dragon is moderately wounded.
The komodo dragon completely misses you.
Unknown command.
You feel better. The komodo dragon bites you!
* * * LOW HITPOINT WARNING * * *
You feel better. The komodo dragon bites you!!
You die...

... ... ###.. ...
..### #.#..## (..
#.....##.....##
... #.#..#.....(.
... ..........#
..h #...#..# . ...
...###..#.# ...
#..
......P..#.##....P
.##
.........lY.......
##
#....###P.#.##..#.
# ##.## ###### # #
.. .. .#


You could see a komodo dragon.

Vanquished Creatures
  Kirke (Lair:5)
  3 hydras
  The ghost of inc the Chiller, a novice OpIE of Gozag (D:7)
  3 elephants (Lair:6)
  An ugly thing (D:11)
  A black mamba (Lair:3)
  5 spiny frogs
  A torpor snail (Lair:6)
  4 komodo dragons
  2 trolls
  4 polar bears
  Prince Ribbit (D:6)
  3 hornets (Lair:6)
  7 dream sheep (Lair:6)
  5 hippogriffs
  15 blink frogs
  7 spriggans (Lair:6)
  A wraith (Ossuary)
  2 wyverns
  Sigmund (D:2)
  Eustachio (D:6)
  2 basilisks
  5 hogs
  A human (D:8)
  50 yaks
  2 hungry ghosts
  2 acid dragons (D:11)
  13 water moccasins
  2 hell hounds (D:9)
  5 porcupines
  A black bear (D:6)
  2 ice beasts
  A sky beast (D:11)
  6 orc warriors
  A phantom (D:4)
  A boggart (Lair:6)
  4 ogres
  7 centaurs
  25 wolves
  2 big kobolds (D:9)
  18 crocodiles
  18 bullfrogs
  3 scorpions
  8 killer bees
  7 howler monkeys
  12 wights
  An electric eel (Lair:5)
  2 crimson imps
  A lava snake (Lair:5)
  A quasit (D:10)
  7 hounds
  2 centaur skeletons
  8 orc priests
  A gnoll shaman (D:7)
  4 jellies
  9 worker ants
  11 orc wizards
  2 hound zombies
  3 hound skeletons
  Robin (D:3)
  14 adders
  8 gnolls
  2 shadow imps (D:7)
  An ooze (D:3)
  2 adder skeletons
  4 adder zombies
  5 worms
  3 dart slugs
  10 leopard geckos
  26 orcs
  7 giant cockroaches
  8 hobgoblins
  13 jackals
  20 kobolds
  7 quokkas
  7 ball pythons
  10 bats
  4 frilled lizards
  21 goblins
  A hobgoblin zombie (Ossuary)
  A kobold zombie (Ossuary)
  A leopard gecko skeleton (D:6)
  3 orc skeletons (Ossuary)
  An orc zombie (Ossuary)
  3 rats (D:2)
  4 plants (D:8)
506 creatures vanquished.

Vanquished Creatures (collateral kills)
  A two-headed ogre (D:11)
  11 yaks
  A hog (D:8)
  A bullfrog (D:9)
  2 oklob saplings (D:8)
  A wight (D:9)
  2 orc priests
  An iguana (D:8)
  2 orc wizards
  5 orcs
  A plant (D:8)
28 creatures vanquished.

Vanquished Creatures (others)
  3 humans (Lair:6)
  A bush (Lair:6)
  31 fungi (Lair:6)
  28 plants
63 creatures vanquished.

Grand Total: 597 creatures vanquished

Notes
Turn   | Place    | Note
-------+----------+-------------------------------------------
     0 | D:1      | inc the Octopode Ice Elementalist began the quest for the Orb.
     0 | D:1      | Reached XP level 1. HP: 11/11 MP: 3/3
   166 | D:1      | Reached XP level 2. HP: 17/17 MP: 1/5
   751 | D:2      | Reached XP level 3. HP: 21/21 MP: 4/6
  1322 | D:2      | Noticed Sigmund
  1497 | D:3      | Noticed Robin
  1716 | D:3      | Reached XP level 4. HP: 20/27 MP: 7/7
  1854 | D:2      | Reached skill level 5 in Ice Magic
  2416 | D:3      | Noticed Grinder
  2418 | D:3      | Killed Robin
  2727 | D:4      | Reached XP level 5. HP: 18/31 MP: 5/8
  2936 | D:4      | Found an ornate altar of the Wu Jian Council.
  2936 | D:4      | Found a shattered altar of Ashenzari.
  3172 | D:4      | Noticed a phantom
  3603 | D:2      | Killed Sigmund
  3603 | D:2      | Reached XP level 6. HP: 15/42 MP: 5/9
  3691 | D:2      | Found a shimmering altar of Xom.
  3694 | D:2      | Found a hide-covered altar of Uskayaw.
  3695 | D:2      | Found a basalt altar of Yredelemnul.
  4351 | D:3      | Learned a level 3 spell: Ozocubu's Armour
  4356 | D:3      | Learned a level 4 spell: Throw Icicle
  4462 | D:3      | Reached XP level 7. HP: 25/49 MP: 6/10
  5108 | D:5      | Entered Level 5 of the Dungeon
  5168 | D:5      | Found Ifuleirph's Magic Scroll Shop.
  5258 | D:5      | Got an ichor-stained scimitar
  5259 | D:5      | Identified the +2 scimitar of Death {protect, *Corrode rF+++ rN+ Int+3} (You found it on level 5 of the Dungeon)
  5278 | D:5      | Found a sand-covered staircase.
  5283 | Ossuary  | Entered an ossuary
  5525 | Ossuary  | Noticed a wraith
  5525 | Ossuary  | Noticed a flying skull
  5532 | Ossuary  | Noticed a flying skull
  5537 | Ossuary  | Noticed a wraith
  5547 | Ossuary  | Killed a wraith
  5722 | Ossuary  | Noticed a wraith
  5751 | Ossuary  | Noticed a flying skull
  5752 | Ossuary  | Noticed a flying skull
  5915 | D:4      | Reached XP level 8. HP: 26/54 MP: 11/11
  7126 | D:6      | Found Duelimpi's Weapon Emporium.
  7149 | D:6      | Found Pouhu's General Store.
  7200 | D:6      | Reached skill level 5 in Conjurations
  7220 | D:6      | Found Uriol's Distillery.
  7220 | D:6      | Noticed Eustachio
  7253 | D:6      | Killed Eustachio
  7261 | D:6      | Bought a potion of might for 44 gold pieces
  7261 | D:6      | Bought a potion of curing for 33 gold pieces
  7261 | D:6      | Bought a potion of might for 44 gold pieces
  7264 | D:6      | Bought a potion of mutation for 88 gold pieces
  7309 | D:7      | Found a radiant altar of Vehumet.
  7332 | D:7      | Noticed inc's ghost (novice OpIE)
  7532 | D:7      | Found Xiahod's General Store.
  7547 | D:7      | Found a staircase to the Ecumenical Temple.
  7556 | Temple   | Entered the Ecumenical Temple
  7566 | Temple   | Became a worshipper of Cheibriados the Contemplative
  7586 | D:7      | Reached XP level 9. HP: 59/59 MP: 8/13
  7913 | D:7      | Found a deep blue altar of Sif Muna.
  8011 | D:7      | Killed inc's ghost
  8430 | D:6      | Noticed Prince Ribbit
  8439 | D:6      | Killed Prince Ribbit
  8921 | D:6      | Reached * piety under Cheibriados
  9659 | D:4      | Learned a level 4 spell: Summon Ice Beast
  9827 | D:8      | Reached ** piety under Cheibriados
 10249 | D:8      | Reached skill level 10 in Ice Magic
 10249 | D:8      | Reached XP level 10. HP: 44/65 MP: 4/16
 10983 | D:8      | Reached *** piety under Cheibriados
 10998 | D:8      | Found a blossoming altar of Fedhas.
 11081 | D:8      | Gained mutation: You are partially covered in icy blue scales. (AC +2) [potion of mutation]
 11081 | D:8      | Gained mutation: You have a pair of small antennae on your head. [potion of mutation]
 11776 | D:8      | Reached **** piety under Cheibriados
 11789 | D:8      | Learned a level 4 spell: Ice Form
 11911 | D:9      | Reached skill level 1 in Invocations
 12048 | D:9      | Reached ***** piety under Cheibriados
 12070 | D:9      | Reached skill level 5 in Invocations
 12363 | D:9      | Found a staircase to the Lair.
 12832 | D:10     | Entered Level 10 of the Dungeon
 13190 | D:10     | Reached XP level 11. HP: 14/70 MP: 9/17
 14324 | D:11     | Noticed a red ugly thing
 14334 | D:11     | Killed a red ugly thing
 14461 | D:11     | Found Zyev's Demolitions Depot.
 15024 | D:11     | Noticed a two-headed ogre
 15028 | D:11     | Killed a two-headed ogre
 16010 | D:11     | Reached skill level 5 in Spellcasting
 16378 | D:11     | Noticed a cyclops
 16707 | D:12     | Noticed a deep elf mage
 16712 | D:12     | Reached skill level 5 in Stealth
 16723 | D:12     | Noticed a two-headed ogre
 16770 | D:12     | Noticed a cyclops
 16775 | D:12     | Noticed a tengu warrior
 16932 | Lair:1   | Entered Level 1 of the Lair of Beasts
 17712 | Lair:1   | Reached XP level 12. HP: 75/75 MP: 10/21
 18067 | Lair:2   | Got a brightly glowing war axe
 18068 | Lair:2   | Identified the cursed +0 war axe of Gitefusu {chop, Int+2} (You found it on level 2 of the Lair of Beasts)
 18091 | Lair:2   | Noticed a seven-headed hydra
 18096 | Lair:2   | Killed a seven-headed hydra
 18096 | Lair:2   | Reached skill level 5 in Dodging
 18273 | Lair:2   | Reached ****** piety under Cheibriados
 19057 | Lair:3   | Found a staircase to the Shoals.
 19576 | Lair:3   | Learned a level 6 spell: Freezing Cloud
 19590 | Lair:3   | Reached skill level 1 in Air Magic
 20201 | Lair:4   | Found a hole to the Spider Nest.
 20294 | Lair:4   | Reached skill level 5 in Air Magic
 21371 | Lair:5   | Reached skill level 10 in Conjurations
 21371 | Lair:5   | Reached XP level 13. HP: 81/81 MP: 1/22
 21478 | Lair:5   | Found a viscous altar of Jiyva.
 21478 | Lair:5   | Found a staircase to the Slime Pits.
 23114 | Lair:6   | Entered Level 6 of the Lair of Beasts
 23292 | Lair:6   | Noticed Kirke
 23307 | Lair:5   | Killed Kirke
 23692 | Lair:6   | HP: 4/81 [hornet (4)]
 24658 | Lair:6   | Reached XP level 14. HP: 79/86 MP: 4/23
 24691 | Lair:6   | HP: 5/103 [yak (10)]
 24701 | Lair:6   | HP: 4/103 [komodo dragon (12)]
 24702 | Lair:6   | Mangled by a komodo dragon

Skill      XL: |  1  2  3  4  5  6  7  8  9 10 11 12 13 14 |
---------------+-------------------------------------------+-----
Ice Magic      | 4 5 8 10 11 12 | 12.5
Fighting       | 3 4 |  4.4
Conjurations   | 6 9 10 12 | 12.5
Spellcasting   | 3 4 6 |  6.3
Long Blades    | 4 |  4.1
Invocations    | 6 |  6.2
Stealth        | 5 8 9 |  9.7
Dodging        | 3 7 |  7.9
Air Magic      | 7 |  7.2

Action                   |  1- 3 |  4- 6 |  7- 9 | 10-12 | 13-15 || total
-------------------------+-------+-------+-------+-------+-------++-------
Melee: Unarmed           |    10 |       |       |   128 |    20 ||   158
       Constrict         |    14 |    20 |    57 |    68 |    18 ||   177
       Tentacles         |     7 |     8 |    47 |   133 |    53 ||   248
       Dagger            |    36 |    11 |       |       |       ||    47
       Short sword       |       |    53 |    25 |       |       ||    78
       Scimitar          |       |       |   215 |   245 |    67 ||   527
 Cast: Freeze            |    47 |    49 |    32 |     1 |       ||   129
       Ozocubu's Armour  |       |       |    12 |    23 |     1 ||    36
       Throw Icicle      |       |       |    16 |   165 |    94 ||   275
       Summon Ice Beast  |       |       |     1 |    25 |       ||    26
       Ice Form          |       |       |       |     7 |     2 ||     9
       Freezing Cloud    |       |       |       |       |     4 ||     4
Invok: Slouch            |       |       |       |     6 |     5 ||    11
       Step From Time    |       |       |       |     1 |       ||     1
 Abil: End Transformatio |       |       |       |     1 |       ||     1
  Use: Scroll            |       |     1 |    13 |    14 |     2 ||    30
       Potion            |       |       |     2 |    14 |     3 ||    19
 Stab: Sleeping          |     2 |     3 |    11 |     4 |       ||    20
       Distracted        |       |     1 |     1 |     4 |       ||     6
  Eat: Chunk             |     3 |     6 |    13 |    27 |     7 ||    56
       Ration            |       |     1 |     2 |     3 |       ||     6
Armor: Skin              |    11 |     5 |    81 |   162 |    25 ||   284
Dodge: Dodged            |    58 |    82 |   220 |   397 |   172 ||   929
       Rpst.: Scimitar   |       |       |    51 |    84 |    43 ||   178
